Sharks vs Nordiques
Created - 18 octobre 2014 at 23:27
Goals
|
| Sharks |
2 |
0 |
3 |
0 |
2 |
6 |
| Nordiques |
1 |
1 |
3 |
0 |
1 |
5 |
|
Shots
|
| Sharks |
5 |
15 |
17 |
2 |
3 |
39 |
| Nordiques |
8 |
5 |
11 |
1 |
3 |
25 |
|
1st period
1. Nordiques , Brooks Laich 6 (Jordan Eberle, Nick Schultz) at 0:38 (PP)
2. Sharks , Antoine Vermette 5 (Shaone Morrisonn, Dany Heatley) at 17:07
3. Sharks , Dany Heatley 7 (Alex Pietrangelo, David Legwand) at 17:25
Penalties :
Alex Pietrangelo (SJS) for Hooking (Minor) at 0:22, Markus Naslund (SJS) for Tripping (Minor) at 3:03, Dany Heatley (SJS) for Tripping (Minor) at 14:44, Peter Prucha (Que) for Hooking (Minor) at 17:28
2nd period
4. Nordiques , Brooks Laich 7 (Alexei Ponikarovsky, Nick Schultz) at 0:54 (PP)
Penalties :
Alex Pietrangelo (SJS) for Hooking (Minor) at 0:44, Antoine Vermette (SJS) for Roughing (Minor) at 1:54
3rd period
5. Nordiques , Brooks Laich 8 (Alexei Ponikarovsky, Peter Prucha) at 4:37
6. Sharks , Brandon Yip 3 (Markus Naslund, Antoine Vermette) at 10:14
7. Sharks , Ted Purcell 4 (Lasse Kukkonen, Brandon Yip) at 11:14
8. Nordiques , Peter Prucha 7 (Jordan Leopold, Matt Smaby) at 11:50
9. Nordiques , Tyler Arnason 2 (Patrik Elias) at 12:57
10. Sharks , David Legwand 11 (Dany Heatley, Shaone Morrisonn) at 19:34
Penalties :
Antoine Vermette (SJS) for Interference (Minor) at 1:06, Tyler Arnason (Que) for Roughing (Minor) at 13:21
Overtime #1
No Goal
Penalties :
No Penalty
Shootout
Penalty Shot by Dany Heatley for Sharks - Goal!
Penalty Shot by Alexei Ponikarovsky for Nordiques - Goal!
Penalty Shot by Ted Purcell for Sharks - Goal!
Penalty Shot by Sergei Samsonov for Nordiques - Shot Misses the Net
Penalty Shot by Daniel Alfredsson for Sharks - Stopped by Mike Smith
Penalty Shot by Jordan Eberle for Nordiques - Stopped by Mike Brodeur
Penalties :
No Penalty
Goalie Stats
Mike Brodeur (SJS), 20 saves from 25 shots - (0,800), W, 3-0-0, 64:26 minutes
Mike Smith (Que), 34 saves from 39 shots - (0,872), OTL, 0-2-1, 65:00 minutes
Players Stats for Sharks
Player Name G A P +/- PIM S H SB GA TA FO MP PP MP PK MP
------------------------------------------------------------------------------------
Adam Mair 0 0 0 -1 0 2 1 0 1 0 3/4 10:26 0:00 1:13
Alex Pietrangelo 0 1 1 0 4 3 2 2 0 0 0/0 26:10 2:29 0:00
Antoine Vermette 1 1 2 2 4 3 3 0 0 0 6/13 17:18 1:47 0:26
Brandon Yip 1 1 2 1 0 2 3 0 0 0 0/0 14:26 0:06 0:00
Daniel Alfredsson 0 0 0 1 0 0 3 0 0 0 1/1 23:09 2:05 4:23
Dany Heatley 1 2 3 2 2 3 5 1 0 0 2/7 22:24 2:05 3:25
David Hale 0 0 0 1 0 0 2 0 0 1 0/0 22:52 1:29 3:26
David Legwand 1 1 2 1 0 8 2 0 1 0 8/27 18:36 2:05 0:00
Francis Bouillon 0 0 0 0 0 1 1 1 0 0 0/0 12:34 0:00 0:35
Johnny Boychuk 0 0 0 1 0 0 2 4 0 0 0/0 27:55 2:29 4:56
Kyle Wellwood 0 0 0 0 0 1 1 0 1 0 6/9 15:11 0:06 2:11
Lasse Kukkonen 0 1 1 0 0 3 3 2 0 0 0/0 21:24 1:29 4:21
Markus Naslund 0 1 1 2 2 1 4 0 2 0 0/2 16:08 1:47 1:56
Martin Samuelsson 0 0 0 -1 0 1 1 0 1 0 0/0 10:31 0:00 3:01
Nigel Dawes 0 0 0 0 0 0 3 0 0 0 1/1 12:23 0:00 0:09
Niklas Sundstrom 0 0 0 -1 0 3 0 0 0 1 0/0 8:00 0:04 0:00
Shaone Morrisonn 0 2 2 2 0 2 1 0 0 0 0/0 17:59 0:00 3:26
Ted Purcell 1 0 1 0 0 6 3 0 0 1 0/0 14:06 1:49 0:00
Players Stats for Nordiques
Player Name G A P +/- PIM S H SB GA TA FO MP PP MP PK MP
------------------------------------------------------------------------------------
Alexei Ponikarovsky 0 2 2 -1 0 1 1 1 0 1 3/4 25:29 4:17 2:10
Brooks Laich 3 0 3 -1 0 7 0 0 0 0 18/31 23:41 4:23 1:13
Chris Pronger 0 0 0 -2 0 0 2 2 2 0 0/0 29:10 4:05 2:17
Colin Fraser 0 0 0 0 0 0 0 0 0 0 2/5 7:24 0:17 0:07
Ed Jovanovski 0 0 0 -1 0 2 0 0 0 0 0/0 11:13 0:00 0:00
Janne Niskala 0 0 0 -1 0 0 1 1 0 0 0/0 11:13 0:00 0:00
Jonathan Matsumoto 0 0 0 -1 0 0 0 0 0 2 1/1 10:59 0:00 0:00
Jordan Eberle 0 1 1 0 0 0 1 2 0 0 0/1 18:54 4:17 0:00
Jordan Leopold 0 1 1 1 0 1 3 0 0 1 0/0 24:37 4:17 1:41
Matt Ellison 0 0 0 0 0 1 0 0 0 0 0/0 8:45 0:38 1:01
Matt Smaby 0 1 1 1 0 0 1 1 0 0 0/0 24:37 4:17 1:41
Mattias Weinhandl 0 0 0 -1 0 1 1 0 0 0 0/1 10:59 0:00 0:00
Nick Schultz 0 2 2 -2 0 2 2 0 0 0 0/0 29:10 4:05 2:17
Patrik Elias 0 1 1 0 0 2 0 0 0 0 1/2 19:59 3:42 0:52
Peter Prucha 1 1 2 -1 2 2 1 0 0 1 3/3 19:40 3:27 0:23
Ryan Bayda 0 0 0 0 0 2 1 0 1 0 0/0 9:01 0:23 0:00
Sergei Samsonov 0 0 0 -1 0 0 2 1 0 0 0/0 14:30 0:00 2:10
Tyler Arnason 1 0 1 0 2 4 3 0 0 1 9/16 16:39 3:42 0:00
3 Stars
1 - Dany Heatley (SJS)
2 - Brooks Laich (Que)
3 - Brandon Yip (SJS)
Power Play
Sharks - 0 on 2 Attempt(s) - 0,00%
Nordiques - 2 on 6 Attempt(s) - 33,33%
Penalty Kill
Sharks - 4 on 6 Attempt(s) - 66,67%
- Score 0 goal in Penalty Kill
Nordiques - 2 on 2 Attempt(s) - 100,00%
- Score 0 goal in Penalty Kill
Official
Referees : Devorski Paul and Walsh Ian
Linesman : Mark Wheler and Scott Cherrey
Game Notes
Brooks Laich has scored a Hat Trick!
11:14 of 3rd period - Sharks goal is going for a video replay. After video review, Goal.
Finance
Level 1 -- Attendance: 5900 (98,33%) -- Ticket Income 501 500 $
Level 2 -- Attendance: 4272 (85,44%) -- Ticket Income 213 600 $
Level 3 -- Attendance: 1340 (67,00%) -- Ticket Income 53 600 $
Level 4 -- Attendance: 2606 (65,15%) -- Ticket Income 65 150 $
Luxury Box -- Attendance: 880 (88,00%) -- Ticket Income 127 600 $
Game was played at the Colisé Pepsi
Total Attendance: 14998 (83,32%)
Total Ticket Income: 961 450 $
Other Income: 144 218 $
Total Income: 1 105 668 $
Sharks
5 vs 5 Forward
Center Left Wing Right Wing Time % Phy DF OF
1 David Legwand Dany Heatley Daniel Alfredsson 40 1 2 2
2 Antoine Vermette Markus Naslund Brandon Yip 30 1 2 2
3 Kyle Wellwood Nigel Dawes Ted Purcell 20 1 2 2
4 Adam Mair Martin Samuelsson Niklas Sundstrom 10 1 3 1
5 vs 5 Defense
Defense Defense Time % Phy DF OF
1 Johnny Boychuk Alex Pietrangelo 40 1 2 2
2 David Hale Lasse Kukkonen 30 1 2 2
3 Shaone Morrisonn Francis Bouillon 20 1 3 1
4 Lasse Kukkonen Alex Pietrangelo 10 1 2 2
PowerPlay Forward
Center Left Wing Right Wing Time % Phy DF OF
1 David Legwand Dany Heatley Daniel Alfredsson 55 1 1 3
2 Antoine Vermette Markus Naslund Ted Purcell 45 1 1 3
PowerPlay Defense
Defense Defense Time % Phy DF OF
1 Johnny Boychuk Alex Pietrangelo 55 1 1 3
2 David Hale Lasse Kukkonen 45 1 1 3
Penalty Kill 4 Players Forward
Center Wing Time % Phy DF OF
1 Dany Heatley Daniel Alfredsson 60 1 4 0
2 Kyle Wellwood Martin Samuelsson 40 1 4 0
Penalty Kill 4 Players Defense
Defense Defense Time % Phy DF OF
1 Lasse Kukkonen Johnny Boychuk 60 1 4 0
2 David Hale Shaone Morrisonn 40 1 4 0
Penalty Kill - 3 Players Forward
Forward Time % Phy DF OF
1 Dany Heatley 60 0 5 0
2 Kyle Wellwood 40 0 5 0
Penalty Kill - 3 Players Defense
Defense Defense Time % Phy DF OF
1 Lasse Kukkonen Johnny Boychuk 60 0 5 0
2 David Hale Shaone Morrisonn 40 0 5 0
4 vs 4 Forward
Center Wing Time % Phy DF OF
1 Antoine Vermette Brandon Yip 55 0 3 2
2 Kyle Wellwood Ted Purcell 45 0 3 2
4 vs 4 Defense
Defense Defense Time % Phy DF OF
1 David Hale Francis Bouillon 55 1 3 1
2 Shaone Morrisonn Alex Pietrangelo 45 1 3 1
Last Minutes Offensive
Center Left Wing Right Wing Defense Defense
David Legwand Dany Heatley Daniel Alfredsson Johnny Boychuk Alex Pietrangelo
Last Minutes Defensive
Center Left Wing Right Wing Defense Defense
Kyle Wellwood Dany Heatley Daniel Alfredsson Johnny Boychuk Lasse Kukkonen
Goaltenders
Starting : Mike Brodeur
Backup : Mikael Tellqvist
Extra Forwards
Normal : Brandon Yip, Nigel Dawes, Adam Mair - PP : Kyle Wellwood, Brandon Yip - PK : Markus Naslund
Extra Defensemen
Normal : Shaone Morrisonn, David Hale, Francis Bouillon - PP : Francis Bouillon - PK : Francis Bouillon, Shaone Morrisonn
Penalty Shots
Dany Heatley, Ted Purcell, Daniel Alfredsson, Markus Naslund, Brandon Yip
Nordiques
5 vs 5 Forward
Center Left Wing Right Wing Time % Phy DF OF
1 Brooks Laich Alexei Ponikarovsky Peter Prucha 40 0 2 3
2 Tyler Arnason Patrik Elias Jordan Eberle 30 0 2 3
3 Jonathan Matsumoto Sergei Samsonov Mattias Weinhandl 20 1 2 2
4 Colin Fraser Ryan Bayda Matt Ellison 10 1 2 2
5 vs 5 Defense
Defense Defense Time % Phy DF OF
1 Chris Pronger Nick Schultz 40 1 2 2
2 Matt Smaby Jordan Leopold 30 1 2 2
3 Ed Jovanovski Janne Niskala 20 1 2 2
4 Chris Pronger Nick Schultz 10 1 2 2
PowerPlay Forward
Center Left Wing Right Wing Time % Phy DF OF
1 Brooks Laich Alexei Ponikarovsky Jordan Eberle 60 0 1 4
2 Tyler Arnason Patrik Elias Peter Prucha 40 0 1 4
PowerPlay Defense
Defense Defense Time % Phy DF OF
1 Chris Pronger Nick Schultz 60 0 2 3
2 Matt Smaby Jordan Leopold 40 0 2 3
Penalty Kill 4 Players Forward
Center Wing Time % Phy DF OF
1 Alexei Ponikarovsky Sergei Samsonov 60 1 3 1
2 Brooks Laich Peter Prucha 40 1 3 1
Penalty Kill 4 Players Defense
Defense Defense Time % Phy DF OF
1 Chris Pronger Nick Schultz 60 1 3 1
2 Matt Smaby Jordan Leopold 40 1 3 1
Penalty Kill - 3 Players Forward
Forward Time % Phy DF OF
1 Alexei Ponikarovsky 60 1 3 1
2 Sergei Samsonov 40 1 3 1
Penalty Kill - 3 Players Defense
Defense Defense Time % Phy DF OF
1 Chris Pronger Nick Schultz 60 1 3 1
2 Matt Smaby Jordan Leopold 40 1 3 1
4 vs 4 Forward
Center Wing Time % Phy DF OF
1 Alexei Ponikarovsky Patrik Elias 60 0 2 3
2 Brooks Laich Sergei Samsonov 40 0 2 3
4 vs 4 Defense
Defense Defense Time % Phy DF OF
1 Chris Pronger Nick Schultz 60 1 2 2
2 Matt Smaby Jordan Leopold 40 1 2 2
Last Minutes Offensive
Center Left Wing Right Wing Defense Defense
Brooks Laich Alexei Ponikarovsky Peter Prucha Chris Pronger Nick Schultz
Last Minutes Defensive
Center Left Wing Right Wing Defense Defense
Brooks Laich Alexei Ponikarovsky Peter Prucha Chris Pronger Nick Schultz
Goaltenders
Starting : Mike Smith
Backup : Jean-Sébastien Giguère
Extra Forwards
Normal : Patrik Elias, Jordan Eberle, Alexei Ponikarovsky - PP : Patrik Elias, Alexei Ponikarovsky - PK : Matt Ellison
Extra Defensemen
Normal : Ed Jovanovski, Janne Niskala, Matt Smaby - PP : Ed Jovanovski - PK : Janne Niskala, Matt Smaby
Penalty Shots
Alexei Ponikarovsky, Sergei Samsonov, Jordan Eberle, Peter Prucha, Patrik Elias
% Time on Ice - Sharks
Lines # - Real PCT - Wanted PCT - Time Play
Normal Forward
1 - 37% - 40% - 17:09
2 - 26% - 30% - 11:59
3 - 22% - 20% - 10:22
4 - 16% - 10% - 7:24
Normal Defense
1 - 42% - 40% - 19:45
2 - 31% - 30% - 14:29
3 - 20% - 20% - 9:26
4 - 7% - 10% - 3:14
PP Forward
1 - 54% - 55% - 2:09
2 - 46% - 45% - 1:49
PP Defense
1 - 63% - 55% - 2:29
2 - 37% - 45% - 1:29
PK Forward
1 - 74% - 60% - 6:11
2 - 26% - 40% - 2:11
PK Defense
1 - 59% - 60% - 4:56
2 - 41% - 40% - 3:26
PK3 Forward
1 - 0% - 60%
2 - 0% - 40%
PK3 Defense
1 - 0% - 60%
2 - 0% - 40%
44 Forward
1 - 63% - 55% - 3:10
2 - 37% - 45% - 1:50
44 Defense
1 - 55% - 55% - 2:45
2 - 45% - 45% - 2:15
Last Minute Offensive - 0:46
Last Minute Defensive - 0:00
Total
Forward - 65:00
Defense - 65:00
|
% Time on Ice - Nordiques
Lines # - Real PCT - Wanted PCT - Time Play
Normal Forward
1 - 35% - 40% - 16:49
2 - 27% - 30% - 12:52
3 - 23% - 20% - 10:59
4 - 15% - 10% - 7:00
Normal Defense
1 - 40% - 40% - 18:55
2 - 34% - 30% - 16:24
3 - 24% - 20% - 11:13
4 - 2% - 10% - 1:08
PP Forward
1 - 56% - 60% - 4:40
2 - 44% - 40% - 3:42
PP Defense
1 - 49% - 60% - 4:05
2 - 51% - 40% - 4:17
PK Forward
1 - 76% - 60% - 3:02
2 - 24% - 40% - 0:56
PK Defense
1 - 58% - 60% - 2:17
2 - 42% - 40% - 1:41
PK3 Forward
1 - 0% - 60%
2 - 0% - 40%
PK3 Defense
1 - 0% - 60%
2 - 0% - 40%
44 Forward
1 - 82% - 60% - 4:07
2 - 18% - 40% - 0:53
44 Defense
1 - 55% - 60% - 2:45
2 - 45% - 40% - 2:15
Last Minute Offensive - 0:00
Last Minute Defensive - 0:00
Total
Forward - 65:00
Defense - 65:00
|
Play by Play
1st period
0:01 of 1st period - Brooks Laich wins face-off versus Dany Heatley in neutral zone.
0:10 of 1st period - Snap shot by Brooks Laich.
0:10 of 1st period - Shot Misses the Net.
0:22 of 1st period - Minor Penalty to Alex Pietrangelo for Hooking.
0:23 of 1st period - Dany Heatley wins face-off versus Brooks Laich in Sharks zone.
0:38 of 1st period - Wrist shot by Jordan Eberle.
0:38 of 1st period - Deflect By Brooks Laich.
0:38 of 1st period - Goal by Brooks Laich - Sharks : 0 - Nordiques : 1.
0:39 of 1st period - Tyler Arnason wins face-off versus Antoine Vermette in neutral zone.
1:04 of 1st period - Lasse Kukkonen is hit by Jordan Leopold.
1:34 of 1st period - Jordan Leopold is hit by Dany Heatley.
1:38 of 1st period - Peter Prucha is hit by David Legwand and loses puck.
2:09 of 1st period - Jordan Leopold is hit by Ted Purcell and loses puck.
2:28 of 1st period - Wrist shot by Matt Ellison.
2:28 of 1st period - Stopped by Mike Brodeur with a rebound.
2:30 of 1st period - Slapshot by Matt Ellison.
2:30 of 1st period - Shot Misses the Net.
2:32 of 1st period - Slapshot by Chris Pronger.
2:32 of 1st period - Shot Misses the Net.
2:34 of 1st period - Slapshot by Nick Schultz.
2:34 of 1st period - Stopped by Mike Brodeur with a rebound.
2:36 of 1st period - Slapshot by Ed Jovanovski.
2:36 of 1st period - Shot Blocked by Johnny Boychuk.
2:40 of 1st period - Wrist shot by Ryan Bayda.
2:40 of 1st period - Stopped by Mike Brodeur without a rebound.
2:41 of 1st period - Tyler Arnason wins face-off versus Antoine Vermette in Sharks zone.
2:48 of 1st period - Snap shot by Tyler Arnason.
2:48 of 1st period - Stopped by Mike Brodeur with a rebound.
2:50 of 1st period - Snap shot by Tyler Arnason.
2:50 of 1st period - Stopped by Mike Brodeur without a rebound.
2:51 of 1st period - Tyler Arnason wins face-off versus Antoine Vermette in Sharks zone.
3:03 of 1st period - Minor Penalty to Markus Naslund for Tripping.
3:04 of 1st period - Brooks Laich wins face-off versus Dany Heatley in Sharks zone.
3:06 of 1st period - Snap shot by Jordan Eberle.
3:06 of 1st period - Shot Blocked by Lasse Kukkonen.
3:08 of 1st period - Snap shot by Chris Pronger.
3:08 of 1st period - Shot Misses the Net.
3:10 of 1st period - Slapshot by Chris Pronger.
3:10 of 1st period - Shot Misses the Net.
3:12 of 1st period - Wrist shot by Chris Pronger.
3:12 of 1st period - Shot Misses the Net.
3:14 of 1st period - Slapshot by Nick Schultz.
3:14 of 1st period - Shot Blocked by Johnny Boychuk.
3:30 of 1st period - Patrik Elias is hit by Johnny Boychuk and loses puck.
4:59 of 1st period - Matt Smaby is hit by Nigel Dawes and loses puck.
5:03 of 1st period - Penalty to Markus Naslund is over, Markus Naslund is back on ice.
5:10 of 1st period - Wrist shot by Markus Naslund.
5:10 of 1st period - Shot Misses the Net.
5:36 of 1st period - Shaone Morrisonn is hit by Janne Niskala and loses puck.
6:05 of 1st period - Matt Ellison is hit by Alex Pietrangelo and loses puck.
6:32 of 1st period - Alexei Ponikarovsky is hit by Brandon Yip and loses puck.
9:19 of 1st period - Martin Samuelsson is hit by Sergei Samsonov and loses puck.
10:03 of 1st period - Ed Jovanovski is hit by Markus Naslund and loses puck.
10:10 of 1st period - David Hale is hit by Jordan Leopold and loses puck.
10:23 of 1st period - Matt Smaby is hit by Dany Heatley and loses puck.
10:57 of 1st period - Antoine Vermette is hit by Chris Pronger.
11:21 of 1st period - Matt Ellison is hit by Dany Heatley and loses puck.
11:32 of 1st period - Shaone Morrisonn is hit by Peter Prucha and loses puck.
11:44 of 1st period - Icing by Adam Mair.
11:45 of 1st period - Jonathan Matsumoto wins face-off versus Adam Mair in Sharks zone.
12:08 of 1st period - Snap shot by Martin Samuelsson.
12:08 of 1st period - Deflect By Adam Mair.
12:08 of 1st period - Shot Misses the Net.
12:08 of 1st period - Puck is out of play.
12:09 of 1st period - David Legwand wins face-off versus Brooks Laich in Nordiques zone.
12:13 of 1st period - Icing by Chris Pronger.
12:14 of 1st period - Brooks Laich wins face-off versus David Legwand in Nordiques zone.
12:19 of 1st period - Chris Pronger is hit by Daniel Alfredsson and loses puck.
12:29 of 1st period - Off-side.
12:30 of 1st period - Tyler Arnason wins face-off versus Antoine Vermette in neutral zone.
12:35 of 1st period - Snap shot by Tyler Arnason.
12:35 of 1st period - Shot Misses the Net.
12:37 of 1st period - Snap shot by Jordan Eberle.
12:37 of 1st period - Shot Misses the Net.
12:39 of 1st period - Slapshot by Chris Pronger.
12:39 of 1st period - Shot Misses the Net.
12:41 of 1st period - Snap shot by Patrik Elias.
12:41 of 1st period - Shot Misses the Net.
12:43 of 1st period - Slapshot by Chris Pronger.
12:43 of 1st period - Shot Misses the Net.
12:45 of 1st period - Backhand shot by Chris Pronger.
12:45 of 1st period - Shot Misses the Net.
13:18 of 1st period - Kyle Wellwood is hit by Matt Smaby and loses puck.
13:23 of 1st period - Slapshot by Mattias Weinhandl.
13:23 of 1st period - Stopped by Mike Brodeur with a rebound.
13:25 of 1st period - Wrist shot by Jordan Leopold.
13:25 of 1st period - Shot Misses the Net.
13:35 of 1st period - Slapshot by Adam Mair.
13:35 of 1st period - Deflect By Matt Smaby.
13:35 of 1st period - Shot Misses the Net.
13:35 of 1st period - Puck is out of play.
13:36 of 1st period - Adam Mair wins face-off versus Colin Fraser in Nordiques zone.
13:39 of 1st period - Wrist shot by Adam Mair.
13:39 of 1st period - Stopped by Mike Smith without a rebound.
13:40 of 1st period - Adam Mair wins face-off versus Brooks Laich in Nordiques zone.
13:41 of 1st period - Slapshot by Martin Samuelsson.
13:41 of 1st period - Shot Misses the Net.
14:05 of 1st period - Martin Samuelsson is hit by Mattias Weinhandl and loses puck.
14:28 of 1st period - Wrist shot by Daniel Alfredsson.
14:28 of 1st period - Shot Misses the Net.
14:36 of 1st period - Wrist shot by Jordan Eberle.
14:36 of 1st period - Shot Blocked by Dany Heatley.
14:38 of 1st period - Slapshot by Chris Pronger.
14:38 of 1st period - Shot Misses the Net.
14:44 of 1st period - Minor Penalty to Dany Heatley for Tripping.
14:45 of 1st period - Brooks Laich wins face-off versus Markus Naslund in Sharks zone.
15:13 of 1st period - Jordan Leopold is hit by Johnny Boychuk and loses puck.
16:24 of 1st period - Johnny Boychuk is hit by Tyler Arnason and loses puck.
16:44 of 1st period - Penalty to Dany Heatley is over, Dany Heatley is back on ice.
17:03 of 1st period - Snap shot by Dany Heatley.
17:03 of 1st period - Shot Blocked by Sergei Samsonov.
17:05 of 1st period - Slapshot by Shaone Morrisonn.
17:05 of 1st period - Shot Blocked by Janne Niskala.
17:07 of 1st period - Snap shot by Antoine Vermette.
17:07 of 1st period - Goal by Antoine Vermette - Sharks : 1 - Nordiques : 1.
17:08 of 1st period - Tyler Arnason wins face-off versus David Legwand in neutral zone.
17:23 of 1st period - Slapshot by Alex Pietrangelo.
17:23 of 1st period - Shot Misses the Net.
17:25 of 1st period - Wrist shot by Dany Heatley.
17:25 of 1st period - Goal by Dany Heatley - Sharks : 2 - Nordiques : 1.
17:26 of 1st period - Brooks Laich wins face-off versus David Legwand in neutral zone.
17:28 of 1st period - Minor Penalty to Peter Prucha for Hooking.
17:29 of 1st period - Alexei Ponikarovsky wins face-off versus David Legwand in Nordiques zone.
17:43 of 1st period - Wrist shot by Sergei Samsonov.
17:43 of 1st period - Shot Blocked by Alex Pietrangelo.
17:49 of 1st period - Sergei Samsonov is hit by Dany Heatley and loses puck.
18:04 of 1st period - Slapshot by Antoine Vermette.
18:04 of 1st period - Deflect By Markus Naslund.
18:04 of 1st period - Stopped by Mike Smith with a rebound.
18:06 of 1st period - Wrist shot by Antoine Vermette.
18:06 of 1st period - Shot Misses the Net.
18:08 of 1st period - Slapshot by Antoine Vermette.
18:08 of 1st period - Stopped by Mike Smith with a rebound.
18:28 of 1st period - Jordan Leopold is hit by Markus Naslund.
19:28 of 1st period - Penalty to Peter Prucha is over, Peter Prucha is back on ice.
19:35 of 1st period - Snap shot by Patrik Elias.
19:35 of 1st period - Stopped by Mike Brodeur with a rebound.
19:37 of 1st period - Snap shot by Tyler Arnason.
19:37 of 1st period - Shot Misses the Net.
19:52 of 1st period - Lasse Kukkonen is hit by Jordan Leopold and loses puck.
Goals for this period are 2 for Sharks vs 1 for Nordiques.
Shots for this period are 5 for Sharks vs 8 for Nordiques.
2nd period
0:01 of 2nd period - Brooks Laich wins face-off versus David Legwand in neutral zone.
0:04 of 2nd period - Snap shot by Peter Prucha.
0:04 of 2nd period - Stopped by Mike Brodeur with a rebound.
0:35 of 2nd period - Markus Naslund is hit by Tyler Arnason and loses puck.
0:44 of 2nd period - Minor Penalty to Alex Pietrangelo for Hooking.
0:45 of 2nd period - Brooks Laich wins face-off versus Dany Heatley in Sharks zone.
0:54 of 2nd period - Snap shot by Brooks Laich.
0:54 of 2nd period - Goal by Brooks Laich - Sharks : 2 - Nordiques : 2.
0:55 of 2nd period - David Legwand wins face-off versus Brooks Laich in neutral zone.
1:10 of 2nd period - Off-side.
1:11 of 2nd period - Antoine Vermette wins face-off versus Tyler Arnason in neutral zone.
1:18 of 2nd period - Slapshot by Alex Pietrangelo.
1:18 of 2nd period - Stopped by Mike Smith without a rebound.
1:19 of 2nd period - Tyler Arnason wins face-off versus Antoine Vermette in Nordiques zone.
1:19 of 2nd period - Tyler Arnason is hit by Antoine Vermette.
1:27 of 2nd period - Snap shot by Patrik Elias.
1:27 of 2nd period - Shot Misses the Net.
1:50 of 2nd period - Slapshot by Alex Pietrangelo.
1:50 of 2nd period - Shot Misses the Net.
1:52 of 2nd period - Snap shot by Markus Naslund.
1:52 of 2nd period - Shot Misses the Net.
1:54 of 2nd period - Slapshot by Alex Pietrangelo.
1:54 of 2nd period - Deflect By Matt Smaby.
1:54 of 2nd period - Stopped by Mike Smith without a rebound.
1:54 of 2nd period - Minor Penalty to Antoine Vermette for Roughing.
1:55 of 2nd period - Brooks Laich wins face-off versus Dany Heatley in Sharks zone.
3:54 of 2nd period - Penalty to Antoine Vermette is over, Antoine Vermette is back on ice.
4:27 of 2nd period - Janne Niskala is hit by David Hale and loses puck.
4:32 of 2nd period - Wrist shot by Antoine Vermette.
4:32 of 2nd period - Shot Misses the Net.
5:50 of 2nd period - Matt Smaby is hit by Daniel Alfredsson and loses puck.
6:28 of 2nd period - Colin Fraser is hit by Ted Purcell and loses puck.
6:59 of 2nd period - Jonathan Matsumoto is hit by Lasse Kukkonen and loses puck.
7:19 of 2nd period - Shaone Morrisonn is hit by Nick Schultz and loses puck.
7:48 of 2nd period - Ed Jovanovski is hit by Lasse Kukkonen and loses puck.
8:47 of 2nd period - Daniel Alfredsson is hit by Jordan Eberle and loses puck.
9:08 of 2nd period - Ed Jovanovski is hit by Martin Samuelsson and loses puck.
9:19 of 2nd period - Snap shot by Antoine Vermette.
9:19 of 2nd period - Stopped by Mike Smith with a rebound.
9:37 of 2nd period - Slapshot by Ed Jovanovski.
9:37 of 2nd period - Stopped by Mike Brodeur without a rebound.
9:38 of 2nd period - Colin Fraser wins face-off versus Kyle Wellwood in Sharks zone.
9:53 of 2nd period - Wrist shot by Matt Ellison.
9:53 of 2nd period - Shot Hit the Post.
10:10 of 2nd period - Wrist shot by Dany Heatley.
10:10 of 2nd period - Shot Blocked by Alexei Ponikarovsky.
10:12 of 2nd period - Slapshot by Shaone Morrisonn.
10:12 of 2nd period - Shot Misses the Net.
10:14 of 2nd period - Snap shot by Daniel Alfredsson.
10:14 of 2nd period - Shot Misses the Net.
10:16 of 2nd period - Snap shot by Shaone Morrisonn.
10:16 of 2nd period - Stopped by Mike Smith with a rebound.
10:28 of 2nd period - Antoine Vermette is hit by Tyler Arnason and loses puck.
10:49 of 2nd period - Slapshot by Lasse Kukkonen.
10:49 of 2nd period - Stopped by Mike Smith with a rebound.
10:51 of 2nd period - Wrist shot by Niklas Sundstrom.
10:51 of 2nd period - Shot Misses the Net.
10:53 of 2nd period - Wrist shot by Niklas Sundstrom.
10:53 of 2nd period - Stopped by Mike Smith with a rebound.
10:55 of 2nd period - Slapshot by Lasse Kukkonen.
10:55 of 2nd period - Shot Misses the Net.
12:13 of 2nd period - Wrist shot by Sergei Samsonov.
12:13 of 2nd period - Shot Misses the Net.
12:15 of 2nd period - Slapshot by Jordan Leopold.
12:15 of 2nd period - Deflect By Sergei Samsonov.
12:15 of 2nd period - Shot Misses the Net.
12:15 of 2nd period - Puck is out of play.
12:16 of 2nd period - David Legwand wins face-off versus Brooks Laich in Sharks zone.
12:33 of 2nd period - David Hale is hit by Alexei Ponikarovsky and loses puck.
12:52 of 2nd period - Jordan Eberle is hit by Lasse Kukkonen.
12:55 of 2nd period - Off-side.
12:56 of 2nd period - Antoine Vermette wins face-off versus Brooks Laich in neutral zone.
12:58 of 2nd period - Off-side.
12:59 of 2nd period - Peter Prucha wins face-off versus Markus Naslund in neutral zone.
13:47 of 2nd period - Snap shot by David Legwand.
13:47 of 2nd period - Shot Misses the Net.
13:57 of 2nd period - Snap shot by Peter Prucha.
13:57 of 2nd period - Shot Misses the Net.
14:20 of 2nd period - Slapshot by Adam Mair.
14:20 of 2nd period - Deflect By Niklas Sundstrom.
14:20 of 2nd period - Stopped by Mike Smith without a rebound.
14:21 of 2nd period - David Legwand wins face-off versus Tyler Arnason in Nordiques zone.
14:52 of 2nd period - Antoine Vermette is hit by Sergei Samsonov.
15:12 of 2nd period - Slapshot by Ted Purcell.
15:12 of 2nd period - Stopped by Mike Smith with a rebound.
15:48 of 2nd period - Wrist shot by Sergei Samsonov.
15:48 of 2nd period - Shot Misses the Net.
15:50 of 2nd period - Slapshot by Ed Jovanovski.
15:50 of 2nd period - Shot Blocked by Johnny Boychuk.
16:10 of 2nd period - Wrist shot by Kyle Wellwood.
16:10 of 2nd period - Stopped by Mike Smith without a rebound.
16:11 of 2nd period - Kyle Wellwood wins face-off versus Colin Fraser in Nordiques zone.
16:12 of 2nd period - Wrist shot by Ted Purcell.
16:12 of 2nd period - Stopped by Mike Smith without a rebound.
16:13 of 2nd period - Kyle Wellwood wins face-off versus Brooks Laich in Nordiques zone.
16:14 of 2nd period - Snap shot by Ted Purcell.
16:14 of 2nd period - Stopped by Mike Smith with a rebound.
16:16 of 2nd period - Slapshot by Shaone Morrisonn.
16:16 of 2nd period - Stopped by Mike Smith without a rebound.
16:17 of 2nd period - Peter Prucha wins face-off versus David Legwand in Nordiques zone.
16:17 of 2nd period - Peter Prucha is hit by Shaone Morrisonn.
16:33 of 2nd period - Snap shot by Brooks Laich.
16:33 of 2nd period - Stopped by Mike Brodeur without a rebound.
16:34 of 2nd period - Tyler Arnason wins face-off versus Antoine Vermette in Sharks zone.
17:04 of 2nd period - Brooks Laich is hit by Daniel Alfredsson and loses puck.
17:19 of 2nd period - Sergei Samsonov is hit by Nigel Dawes and loses puck.
17:41 of 2nd period - Snap shot by Adam Mair.
17:41 of 2nd period - Shot Blocked by Jordan Eberle.
17:43 of 2nd period - Wrist shot by Martin Samuelsson.
17:43 of 2nd period - Stopped by Mike Smith with a rebound.
17:45 of 2nd period - Snap shot by Lasse Kukkonen.
17:45 of 2nd period - Shot Misses the Net.
17:47 of 2nd period - Slapshot by Lasse Kukkonen.
17:47 of 2nd period - Deflect By Niklas Sundstrom.
17:47 of 2nd period - Stopped by Mike Smith with a rebound.
18:11 of 2nd period - Wrist shot by Dany Heatley.
18:11 of 2nd period - Shot Blocked by Chris Pronger.
18:27 of 2nd period - Ryan Bayda is hit by Antoine Vermette and loses puck.
18:44 of 2nd period - Jonathan Matsumoto is hit by Kyle Wellwood and loses puck.
19:03 of 2nd period - Snap shot by Shaone Morrisonn.
19:03 of 2nd period - Deflect By David Legwand.
19:03 of 2nd period - Stopped by Mike Smith without a rebound.
19:04 of 2nd period - Tyler Arnason wins face-off versus David Legwand in Nordiques zone.
19:09 of 2nd period - Backhand shot by Dany Heatley.
19:09 of 2nd period - Deflect By David Legwand.
19:09 of 2nd period - Shot Misses the Net.
19:09 of 2nd period - Puck is out of play.
19:10 of 2nd period - Brooks Laich wins face-off versus David Legwand in Nordiques zone.
19:25 of 2nd period - Snap shot by Brooks Laich.
19:25 of 2nd period - Stopped by Mike Brodeur without a rebound.
19:26 of 2nd period - Antoine Vermette wins face-off versus Tyler Arnason in Sharks zone.
Goals for this period are 0 for Sharks vs 1 for Nordiques.
Shots for this period are 15 for Sharks vs 5 for Nordiques.
3rd period
0:01 of 3rd period - Brooks Laich wins face-off versus David Legwand in neutral zone.
0:03 of 3rd period - Off-side.
0:04 of 3rd period - Brooks Laich wins face-off versus David Legwand in neutral zone.
1:06 of 3rd period - Minor Penalty to Antoine Vermette for Interference.
1:07 of 3rd period - Dany Heatley wins face-off versus Tyler Arnason in Sharks zone.
3:06 of 3rd period - Penalty to Antoine Vermette is over, Antoine Vermette is back on ice.
3:07 of 3rd period - Jordan Eberle is hit by David Hale and loses puck.
3:40 of 3rd period - Wrist shot by Ryan Bayda.
3:40 of 3rd period - Stopped by Mike Brodeur without a rebound.
3:41 of 3rd period - Colin Fraser wins face-off versus Kyle Wellwood in Sharks zone.
3:50 of 3rd period - Matt Ellison is hit by Nigel Dawes and loses puck.
4:33 of 3rd period - Snap shot by Brooks Laich.
4:33 of 3rd period - Shot Hit the Post.
4:35 of 3rd period - Snap shot by Alexei Ponikarovsky.
4:35 of 3rd period - Shot Blocked by Francis Bouillon.
4:37 of 3rd period - Wrist shot by Brooks Laich.
4:37 of 3rd period - Goal by Brooks Laich - Sharks : 2 - Nordiques : 3.
4:38 of 3rd period - Brooks Laich wins face-off versus David Legwand in neutral zone.
5:04 of 3rd period - Markus Naslund is hit by Chris Pronger and loses puck.
5:29 of 3rd period - Wrist shot by Mattias Weinhandl.
5:29 of 3rd period - Shot Misses the Net.
5:31 of 3rd period - Slapshot by Jonathan Matsumoto.
5:31 of 3rd period - Deflect By Kyle Wellwood.
5:31 of 3rd period - Shot Blocked by Johnny Boychuk.
5:31 of 3rd period - Puck is out of play.
5:32 of 3rd period - Brooks Laich wins face-off versus David Legwand in Sharks zone.
5:35 of 3rd period - Wrist shot by Peter Prucha.
5:35 of 3rd period - Shot Blocked by Lasse Kukkonen.
5:37 of 3rd period - Slapshot by Brooks Laich.
5:37 of 3rd period - Stopped by Mike Brodeur with a rebound.
5:39 of 3rd period - Snap shot by Ed Jovanovski.
5:39 of 3rd period - Deflect By Lasse Kukkonen.
5:39 of 3rd period - Stopped by Mike Brodeur with a rebound.
5:41 of 3rd period - Backhand shot by Alexei Ponikarovsky.
5:41 of 3rd period - Stopped by Mike Brodeur with a rebound.
5:45 of 3rd period - Slapshot by Brooks Laich.
5:45 of 3rd period - Stopped by Mike Brodeur without a rebound.
5:46 of 3rd period - Brooks Laich wins face-off versus David Legwand in Sharks zone.
5:53 of 3rd period - Off-side.
5:54 of 3rd period - Brooks Laich wins face-off versus David Legwand in neutral zone.
6:15 of 3rd period - Slapshot by Lasse Kukkonen.
6:15 of 3rd period - Stopped by Mike Smith with a rebound.
6:21 of 3rd period - Backhand shot by Dany Heatley.
6:21 of 3rd period - Stopped by Mike Smith without a rebound.
6:22 of 3rd period - Antoine Vermette wins face-off versus Brooks Laich in Nordiques zone.
7:16 of 3rd period - Wrist shot by David Legwand.
7:16 of 3rd period - Stopped by Mike Smith without a rebound.
7:17 of 3rd period - Brooks Laich wins face-off versus David Legwand in Nordiques zone.
7:42 of 3rd period - Patrik Elias is hit by Brandon Yip.
7:52 of 3rd period - Wrist shot by Markus Naslund.
7:52 of 3rd period - Shot Misses the Net.
7:54 of 3rd period - Slapshot by Francis Bouillon.
7:54 of 3rd period - Stopped by Mike Smith with a rebound.
8:42 of 3rd period - Mattias Weinhandl is hit by Francis Bouillon and loses puck.
9:05 of 3rd period - Jonathan Matsumoto is hit by Adam Mair and loses puck.
9:34 of 3rd period - Matt Smaby is hit by Ted Purcell and loses puck.
9:45 of 3rd period - Brooks Laich is hit by Markus Naslund and loses puck.
10:04 of 3rd period - Snap shot by Alexei Ponikarovsky.
10:04 of 3rd period - Shot Misses the Net.
10:12 of 3rd period - Snap shot by Markus Naslund.
10:12 of 3rd period - Shot Misses the Net.
10:14 of 3rd period - Slapshot by Brandon Yip.
10:14 of 3rd period - Goal by Brandon Yip - Sharks : 3 - Nordiques : 3.
10:15 of 3rd period - David Legwand wins face-off versus Tyler Arnason in neutral zone.
10:26 of 3rd period - Slapshot by David Legwand.
10:26 of 3rd period - Shot Misses the Net.
10:28 of 3rd period - Snap shot by David Legwand.
10:28 of 3rd period - Stopped by Mike Smith without a rebound.
10:29 of 3rd period - David Legwand wins face-off versus Tyler Arnason in Nordiques zone.
10:40 of 3rd period - Wrist shot by Patrik Elias.
10:40 of 3rd period - Stopped by Mike Brodeur without a rebound.
10:41 of 3rd period - Peter Prucha wins face-off versus Dany Heatley in Sharks zone.
10:46 of 3rd period - Snap shot by Peter Prucha.
10:46 of 3rd period - Shot Blocked by Alex Pietrangelo.
10:52 of 3rd period - Slapshot by Johnny Boychuk.
10:52 of 3rd period - Shot Misses the Net.
10:54 of 3rd period - Wrist shot by Dany Heatley.
10:54 of 3rd period - Shot Misses the Net.
11:08 of 3rd period - Snap shot by Ted Purcell.
11:08 of 3rd period - Stopped by Mike Smith with a rebound.
11:10 of 3rd period - Wrist shot by Ted Purcell.
11:10 of 3rd period - Stopped by Mike Smith with a rebound.
11:12 of 3rd period - Slapshot by Lasse Kukkonen.
11:12 of 3rd period - Stopped by Mike Smith with a rebound.
11:14 of 3rd period - Snap shot by Ted Purcell.
11:14 of 3rd period - Sharks goal is going for a video replay.
11:14 of 3rd period - The goal is good.
11:14 of 3rd period - Goal by Ted Purcell - Sharks : 4 - Nordiques : 3.
11:15 of 3rd period - Tyler Arnason wins face-off versus David Legwand in neutral zone.
11:34 of 3rd period - Dany Heatley is hit by Nick Schultz and loses puck.
11:38 of 3rd period - Icing by Alex Pietrangelo.
11:39 of 3rd period - Daniel Alfredsson wins face-off versus Brooks Laich in Sharks zone.
11:48 of 3rd period - Snap shot by Jordan Leopold.
11:48 of 3rd period - Deflect By Alex Pietrangelo.
11:48 of 3rd period - Stopped by Mike Brodeur with a rebound.
11:50 of 3rd period - Slapshot by Peter Prucha.
11:50 of 3rd period - Goal by Peter Prucha - Sharks : 4 - Nordiques : 4.
11:51 of 3rd period - Brooks Laich wins face-off versus David Legwand in neutral zone.
12:04 of 3rd period - Wrist shot by David Legwand.
12:04 of 3rd period - Stopped by Mike Smith without a rebound.
12:05 of 3rd period - Brooks Laich wins face-off versus David Legwand in Nordiques zone.
12:05 of 3rd period - Brooks Laich is hit by David Legwand.
12:55 of 3rd period - Slapshot by Tyler Arnason.
12:55 of 3rd period - Stopped by Mike Brodeur without a rebound.
12:56 of 3rd period - Patrik Elias wins face-off versus Kyle Wellwood in Sharks zone.
12:57 of 3rd period - Wrist shot by Tyler Arnason.
12:57 of 3rd period - Goal by Tyler Arnason - Sharks : 4 - Nordiques : 5.
12:58 of 3rd period - David Legwand wins face-off versus Brooks Laich in neutral zone.
13:21 of 3rd period - Minor Penalty to Tyler Arnason for Roughing.
13:22 of 3rd period - Alexei Ponikarovsky wins face-off versus David Legwand in Nordiques zone.
13:22 of 3rd period - Alexei Ponikarovsky is hit by Dany Heatley.
15:21 of 3rd period - Penalty to Tyler Arnason is over, Tyler Arnason is back on ice.
15:25 of 3rd period - Sergei Samsonov is hit by Alex Pietrangelo.
15:35 of 3rd period - Tyler Arnason is hit by Brandon Yip and loses puck.
16:14 of 3rd period - Colin Fraser is hit by Markus Naslund and loses puck.
16:45 of 3rd period - Icing by Nigel Dawes.
16:46 of 3rd period - Antoine Vermette wins face-off versus Tyler Arnason in Sharks zone.
16:58 of 3rd period - Wrist shot by Alex Pietrangelo.
16:58 of 3rd period - Deflect By Adam Mair.
16:58 of 3rd period - Shot Misses the Net.
16:58 of 3rd period - Puck is out of play.
16:59 of 3rd period - Adam Mair wins face-off versus Colin Fraser in Nordiques zone.
17:28 of 3rd period - Snap shot by Kyle Wellwood.
17:28 of 3rd period - Shot Blocked by Matt Smaby.
17:52 of 3rd period - Slapshot by David Hale.
17:52 of 3rd period - Shot Blocked by Jordan Eberle.
17:54 of 3rd period - Snap shot by Dany Heatley.
17:54 of 3rd period - Stopped by Mike Smith without a rebound.
17:55 of 3rd period - Kyle Wellwood wins face-off versus Patrik Elias in Nordiques zone.
18:04 of 3rd period - Snap shot by Alex Pietrangelo.
18:04 of 3rd period - Shot Blocked by Chris Pronger.
18:06 of 3rd period - Slapshot by Alex Pietrangelo.
18:06 of 3rd period - Deflect By Tyler Arnason.
18:06 of 3rd period - Stopped by Mike Smith without a rebound.
18:07 of 3rd period - Kyle Wellwood wins face-off versus Mattias Weinhandl in Nordiques zone.
18:37 of 3rd period - Snap shot by David Legwand.
18:37 of 3rd period - Shot Misses the Net.
18:39 of 3rd period - Slapshot by David Legwand.
18:39 of 3rd period - Stopped by Mike Smith with a rebound.
18:52 of 3rd period - Icing by Matt Smaby.
18:53 of 3rd period - David Legwand wins face-off versus Brooks Laich in Nordiques zone.
19:00 of 3rd period - Sharks, Mike Brodeur is pulled from the net.
19:14 of 3rd period - Wrist shot by David Legwand.
19:14 of 3rd period - Stopped by Mike Smith with a rebound.
19:16 of 3rd period - Wrist shot by David Legwand.
19:16 of 3rd period - Stopped by Mike Smith with a rebound.
19:18 of 3rd period - Slapshot by Shaone Morrisonn.
19:18 of 3rd period - Shot Misses the Net.
19:30 of 3rd period - Snap shot by David Legwand.
19:30 of 3rd period - Shot Misses the Net.
19:32 of 3rd period - Snap shot by Dany Heatley.
19:32 of 3rd period - Shot Misses the Net.
19:34 of 3rd period - Wrist shot by David Legwand.
19:34 of 3rd period - Goal by David Legwand - Sharks : 5 - Nordiques : 5.
19:34 of 3rd period - Mike Brodeur from Sharks was sent back in the game.
19:35 of 3rd period - Kyle Wellwood wins face-off versus Brooks Laich in neutral zone.
19:40 of 3rd period - Snap shot by Kyle Wellwood.
19:40 of 3rd period - Shot Hit the Post.
Goals for this period are 3 for Sharks vs 3 for Nordiques.
Shots for this period are 17 for Sharks vs 11 for Nordiques.
Overtime #1
0:01 of 1st overtime period - Alexei Ponikarovsky wins face-off versus Antoine Vermette in neutral zone.
0:16 of 1st overtime period - Snap shot by Brandon Yip.
0:16 of 1st overtime period - Stopped by Mike Smith with a rebound.
0:22 of 1st overtime period - Nick Schultz is hit by Antoine Vermette and loses puck.
0:33 of 1st overtime period - Slapshot by Francis Bouillon.
0:33 of 1st overtime period - Shot Misses the Net.
0:41 of 1st overtime period - Slapshot by Nick Schultz.
0:41 of 1st overtime period - Stopped by Mike Brodeur with a rebound.
0:43 of 1st overtime period - Slapshot by Chris Pronger.
0:43 of 1st overtime period - Shot Misses the Net.
0:45 of 1st overtime period - Wrist shot by Chris Pronger.
0:45 of 1st overtime period - Deflect By Alexei Ponikarovsky.
0:45 of 1st overtime period - Shot Misses the Net.
0:45 of 1st overtime period - Puck is out of play.
0:46 of 1st overtime period - Kyle Wellwood wins face-off versus Alexei Ponikarovsky in Sharks zone.
1:46 of 1st overtime period - Icing by Nick Schultz.
1:47 of 1st overtime period - Antoine Vermette wins face-off versus Jordan Eberle in Nordiques zone.
3:33 of 1st overtime period - Icing by Francis Bouillon.
3:34 of 1st overtime period - Nigel Dawes wins face-off versus Brooks Laich in Sharks zone.
4:14 of 1st overtime period - Ted Purcell is hit by Ryan Bayda and loses puck.
4:59 of 1st overtime period - Snap shot by Adam Mair.
4:59 of 1st overtime period - Stopped by Mike Smith with a rebound.
Goals for this period are 0 for Sharks vs 0 for Nordiques.
Shots for this period are 2 for Sharks vs 1 for Nordiques.
ShootOut
5:00 of 1st overtime period - Penalty Shot by Dany Heatley for Sharks.
5:00 of 1st overtime period - Wrist shot by Dany Heatley.
5:00 of 1st overtime period - Goal by Dany Heatley.
5:00 of 1st overtime period - Penalty Shot by Alexei Ponikarovsky for Nordiques.
5:00 of 1st overtime period - Wrist shot by Alexei Ponikarovsky.
5:00 of 1st overtime period - Goal by Alexei Ponikarovsky.
5:00 of 1st overtime period - Penalty Shot by Ted Purcell for Sharks.
5:00 of 1st overtime period - Deke by Ted Purcell.
5:00 of 1st overtime period - Goal by Ted Purcell.
5:00 of 1st overtime period - Penalty Shot by Sergei Samsonov for Nordiques.
5:00 of 1st overtime period - Snap shot by Sergei Samsonov.
5:00 of 1st overtime period - Shot Misses the Net.
5:00 of 1st overtime period - Penalty Shot by Daniel Alfredsson for Sharks.
5:00 of 1st overtime period - Wrist shot by Daniel Alfredsson.
5:00 of 1st overtime period - Stopped by Mike Smith.
5:00 of 1st overtime period - Penalty Shot by Jordan Eberle for Nordiques.
5:00 of 1st overtime period - Backhand shot by Jordan Eberle.
5:00 of 1st overtime period - Stopped by Mike Brodeur.
Output by the SimonT Hockey Simulator (STHS) for François Prévost -- Original Page W3C XHTML 1.0 Valid